 Dungeon Crawl Stone Soup version 0.29-a0-555-g3b24f45cc1 (webtiles) character file.

Game seed: 14698733458050850335

314 Hubjo the Insei (level 6, -1/46 HPs)
             Began as a Demonspawn Transmuter on June 7, 2022.
             Slain by an elf zombie (5 damage)
             ... in an ossuary.
             The game lasted 00:05:40 (4094 turns).

Hubjo the Insei (Demonspawn Transmuter)             Turns: 4094, Time: 00:05:41

Health: -1/46      AC:  2    Str: 10    XL:     6   Next: 19%
Magic:  10/10      EV: 14    Int: 15    God:
Gold:   315        SH:  0    Dex: 15    Spells: 5/10 levels left

rFire   . . .      SeeInvis .     - Unarmed
rCold   . . .      Faith    .   (no shield)
rNeg    . . .      Spirit   .   a - +0 robe
rPois   .          Reflect  .   (helmet currently unavailable)
rElec   .          Harm     .   (no cloak)
rCorr   .          Rampage  .   (no gloves)
Will    .....                   (boots currently unavailable)
Stlth   ++........              (no amulet)
HPRegen 0.15/turn               (no ring)
MPRegen 0.12/turn               (no ring)

@: appendages (expiring)
A: talons 2, antennae 1, repulsion field 1, demonic magic 1
a: End Transformation


You were in an ossuary.
You had temporarily grown beastly talons.
You visited 1 branch of the dungeon, and saw 4 of its levels.
You also visited: Ossuary.

You collected 315 gold pieces.

Inventory:

Armour
 a - a +0 robe (worn)
Jewellery
 d - an amulet of faith
Scrolls
 e - a scroll of summoning
 f - 3 scrolls of identify
 j - 2 scrolls of teleportation
 k - a scroll of immolation
 m - a scroll of enchant armour
 p - a scroll of vulnerability {unknown}
Potions
 b - 4 potions of lignification
 c - a potion of haste {unknown}
 g - a potion of magic {unknown}
 h - a potion of berserk rage {unknown}
 i - a potion of curing
 l - a potion of attraction {unknown}
 n - a potion of degeneration {unknown}
 o - a potion of ambrosia {unknown}


   Skills:
 + Level 2.9 Fighting
 - Level 1.7 Dodging
 + Level 2.1 Stealth
 + Level 3.5 Unarmed Combat
 + Level 2.9 Spellcasting
 * Level 3.2 Transmutations
 + Level 1.2 Ice Magic


You had 5 spell levels left.
You knew the following spells:

 Your Spells              Type           Power      Damage    Failure   Level
a - Beastly Appendage     Tmut           24%        N/A       5%          1
b - Ice Form              Ice/Tmut       8%         N/A       63%         4

Your spell library contained the following spells:

 Spells                   Type           Power      Damage    Failure   Level
 Wereblood                Tmut           12%        N/A       8%          2
 Magic Dart               Conj           8%         1d3       21%         1
 Call Imp                 Summ           2%         N/A       30%         2
 Spider Form              Tmut/Pois      7%         N/A       30%         3
 Mephitic Cloud           Conj/Pois/Air  2%         N/A       52%         3
 Fireball                 Conj/Fire      1%         3d3       99%         5
 Iskenderun's Battlesphe  Conj           2%         2d6       99%         5
 Conjure Ball Lightning   Conj/Air       1%         3x3d6     100%        6
 Orb of Destruction       Conj           1%         9d5       100%        7


Dungeon Overview and Level Annotations

Branches:
Dungeon (4/15)            Ossuary (1/1)
 Temple: D:4-7

Altars:
Okawaru

Shops:
D:2 (


Innate Abilities, Weirdness & Mutations

You have temporarily grown beastly talons.
You have a pair of small antennae on your head.
You are surrounded by a mild repulsion field. (EV +2)
Spells you cast may paralyse adjacent enemies.


Message History

Confirm with . or Enter, or press ? or * to list all spells.
Your feet morph into talons.
Malevolent energies surge around you.
The elf zombie suddenly stops moving!
You hit the hobgoblin zombie.
You claw the hobgoblin zombie, but do no damage.
The hobgoblin zombie is moderately damaged.
The hobgoblin zombie hits you.
You hit the hobgoblin zombie.
The hobgoblin zombie is severely damaged.
The hobgoblin zombie barely misses you.
You hit the hobgoblin zombie but do no damage.
You claw the hobgoblin zombie.
You destroy the hobgoblin zombie!
The elf zombie is no longer paralysed.
You hit the elf zombie. Your kick misses the elf zombie.
The elf zombie is lightly damaged.
The elf zombie hits you.
You hit the elf zombie. You claw the elf zombie.
The elf zombie is moderately damaged.
The elf zombie hits you.
* * * LOW HITPOINT WARNING * * *
You hit the elf zombie but do no damage.
You claw the elf zombie.
The elf zombie is heavily damaged.
The elf zombie hits you.
* * * LOW HITPOINT WARNING * * *
You hit the elf zombie. Your kick misses the elf zombie.
The elf zombie is heavily damaged.
Your transformation is almost over.
You closely miss the elf zombie. Your kick misses the elf zombie.
The elf zombie is heavily damaged.
The elf zombie barely misses you.
You closely miss the elf zombie.
The elf zombie is heavily damaged.
The elf zombie hits you.
* * * LOW HITPOINT WARNING * * *
You closely miss the elf zombie. Your kick misses the elf zombie.
The elf zombie is heavily damaged.
The elf zombie hits you.
You die...

#........∩..∩....
#................
#......########..
#...####.'....####
#..##.#..#.......##
#..'..####.#####.∩#
#..##......#...'.##
#...####...#..####{
#....@.########
#.....Z......{
#............
#......######
#...#### #..## #..#
#..#


You could see an elf zombie.

Vanquished Creatures
  An ogre (D:4)
  2 human zombies (Ossuary)
  A hound zombie (Ossuary)
  2 mummies
  4 adders
  An adder zombie (Ossuary)
  2 worms (D:2)
  3 dart slugs
  10 ball pythons
  7 bats
  6 endoplasms
  3 giant cockroaches
  8 goblins
  2 hobgoblins
  7 kobolds
  2 quokkas
  3 frilled lizards
  A goblin zombie (Ossuary)
  6 hobgoblin zombies (Ossuary)
  A jackal zombie (Ossuary)
  2 kobold zombies (Ossuary)
  2 orc zombies (D:4)
  A quokka zombie (Ossuary)
  5 rats
  A rat zombie (Ossuary)
83 creatures vanquished.

Vanquished Creatures (collateral kills)
  A hobgoblin (D:4)
  A kobold (D:4)
2 creatures vanquished.

Grand Total: 85 creatures vanquished

Notes
Turn   | Place    | Note
-------+----------+-------------------------------------------
     0 | D:1      | Hubjo the Demonspawn Transmuter began the quest for the
                  | Orb.
     0 | D:1      | Reached XP level 1. HP: 15/15 MP: 3/3
    83 | D:1      | Gained mutation: Spells you cast may paralyse adjacent
                  | enemies. [demonic ancestry]
    83 | D:1      | Reached XP level 2. HP: 16/21 MP: 3/5
   596 | D:1      | Reached XP level 3. HP: 16/27 MP: 6/6
  1336 | D:2      | Reached skill level 1 in Stealth
  1736 | D:2      | Reached XP level 4. HP: 21/34 MP: 7/7
  1864 | D:2      | Learned a level 4 spell: Ice Form
  2052 | D:2      | Found Umainuy's Antique Weapon Shop.
  2538 | D:3      | Found an iron altar of Okawaru.
  3220 | D:4      | Noticed an ogre
  3237 | D:4      | Killed an ogre
  3238 | D:4      | Gained mutation: You are surrounded by a mild repulsion
                  | field. (EV +2) [demonic ancestry]
  3238 | D:4      | Reached XP level 5. HP: 18/39 MP: 7/9
  3396 | D:4      | Found a sand-covered staircase.
  3647 | Ossuary  | Entered an ossuary
  3763 | Ossuary  | Reached skill level 1 in Ice Magic
  3773 | Ossuary  | Lost mutation: You have a pair of horns on your head.
                  | [demonic ancestry]
  3773 | Ossuary  | Lost mutation: You have a pair of small horns on your head.
                  | [demonic ancestry]
  3773 | Ossuary  | Gained mutation: You have a pair of small antennae on your
                  | head. [demonic ancestry]
  3773 | Ossuary  | Reached XP level 6. HP: 16/46 MP: 10/10
  4094 | Ossuary  | Slain by an elf zombie

Illustrated notes

Levels and vault maps discovered:
D:1:      giann_forest_graveyard, layout_rooms, minmay_pentomino_p2
D:2:      layout_rooms, serial_shops, nicolae_shop_window_shopping,
          grunt_decor_fettered
D:3:      layout_basic, okawaru_gym_becter
D:4:      layout_loops_corners, lemuel_mausoleum_altar_kikubaaqudgha,
          nicolae_ossuary_entry_giza, nicolae_wooded_promenade, minmay_bent
Ossuary:  minmay_ossuary_two_tombs

Skill      XL: |  1  2  3  4  5 |
---------------+----------------+-----
Transmutations | 2 3 |  3.2
Unarmed Combat | 3 |  3.5
Fighting       | 2 |  2.9
Stealth        | 1 2 |  2.1
Ice Magic      | 1 |  1.2
Dodging        | |  1.7
Spellcasting   | |  2.9

Action                   |  1- 3 |  4- 6 || total
-------------------------+-------+-------++-------
Melee: Unarmed           |   108 |   152 ||   260
       Kick              |    23 |    44 ||    67
       Punch             |     3 |     4 ||     7
       Headbutt          |    12 |    18 ||    30
 Cast: Beastly Appendage |    26 |    28 ||    54
  Use: Potion            |     1 |       ||     1
       Scroll            |     1 |     5 ||     6
 Stab: Paralysed         |     1 |     6 ||     7
       Sleeping          |     2 |     1 ||     3
Armor: Robe              |    13 |    15 ||    28
Dodge: Dodged            |    62 |   109 ||   171

Table legend: (Time is in decaauts)
 A = Elapsed time spent in this place.
 B = Non-inter-level travel time spent in this place.
 C = Inter-level travel time spent in this place.
 D = Time resting spent in this place.
 E = Time spent auto-exploring this place.
 F = Levels seen in this place.
 G = Mean time per level.
                   A        B        C        D        E       F      G
               +--------+--------+--------+--------+--------+-----+--------+
         Total |   4078 |   3956 |    122 |    379 |   2946 |   5 |  815.6 |
       Dungeon |   3637 |   3515 |    122 |    379 |   2618 |   4 |  909.2 |
       Ossuary |    441 |    441 |      0 |      0 |    328 |   1 |  441.0 |
               +--------+--------+--------+--------+--------+-----+--------+

Top non-repeatable levels by time:
     D:2: 1185 daAuts
     D:1: 1059 daAuts
     D:3: 934 daAuts
     D:4: 458 daAuts
 Ossuary: 441 daAuts
